 Dungeon Crawl Stone Soup version 0.26.1-11-gd32895ea62 (webtiles) character file.

Game seed: 9232135793318514896

130 Descartes the Magician (level 4, -8/24 HPs)
             Began as a Deep Elf Hedge Wizard on June 28, 2021.
             Mangled by an ogre
             ... wielding a +0 giant spiked club
              (21 damage)
             ... on level 4 of the Dungeon.
             The game lasted 00:06:44 (3389 turns).

Descartes the Magician (Deep Elf Hedge Wizard)      Turns: 3389, Time: 00:06:46

Health: -8/24      AC:  2    Str:  7    XL:     4   Next: 90%
Magic:  9/13       EV: 18    Int: 20    God:
Gold:   159        SH:  0    Dex: 14    Spells: 13/14 levels left

rFire    . . .     SeeInvis .   a - +1 dagger (elec)
rCold    . . .     Faith    .   (no shield)
rNeg     . . .     Spirit   .   p - +0 robe
rPois    .         Reflect  .   c - +0 hat
rElec    .         Harm     .   (no cloak)
rCorr    .         Rampage  .   (no gloves)
Will     +....                  (no boots)
Stlth    ++........             e - amulet of magic regeneration
HPRegen  0.08/turn              f - +4 ring of evasion
MPRegen  0.38/turn              i - ring of willpower

@: no status effects
A: no striking features
a: no special abilities


You were on level 4 of the Dungeon.
You visited 1 branch of the dungeon, and saw 4 of its levels.

You collected 159 gold pieces.

Inventory:

Hand Weapons
 a - a +1 dagger of electrocution (weapon)
 b - a +0 hunting sling
Missiles
 j - 147 stones
 u - 24 sling bullets
 x - 25 arrows
 y - 26 bolts
Armour
 c - a +0 hat (worn)
 p - a +0 robe (worn)
Jewellery
 e - an amulet of magic regeneration (around neck)
 f - a +4 ring of evasion (left hand)
 i - a ring of willpower (right hand)
 m - an uncursed ring of fire {unknown}
 s - an uncursed ring of see invisible {unknown}
Scrolls
 k - 2 scrolls of enchant armour
 l - a scroll of enchant weapon
 o - 2 scrolls of amnesia
 q - a scroll of fear
 v - a scroll of immolation
Potions
 g - a potion of mutation {unknown}
 h - a potion of flight
 n - a potion of haste {unknown}
 r - a potion of curing {unknown}
 t - a potion of heal wounds {unknown}
 w - a potion of attraction


   Skills:
 + Level 4.0 Dodging
 - Level 2.4 Stealth
 + Level 5.7 Spellcasting
 + Level 3.0 Conjurations
 - Level 1.1 Summonings
 - Level 1.1 Translocations


You had 13 spell levels left.
You knew the following spells:

 Your Spells              Type           Power        Failure   Level
a - Magic Dart            Conj           72%          3%          1

Your spell library contained the following spells:

 Spells                   Type           Power        Failure   Level
 Blink                    Tloc           N/A          11%         2
 Call Imp                 Summ           10%          11%         2
 Slow                     Hex            5%           16%         2
 Conjure Flame            Conj/Fire      11%          17%         3
 Mephitic Cloud           Conj/Pois/Air  9%           22%         3


Dungeon Overview and Level Annotations

Branches:
Dungeon (4/15)
 Temple: D:4-7

Altars:
Yredelemnul
The Shining One

Annotations:
D:3 Terence


Message History

The magic dart hits the ogre.
The ogre is severely wounded.
The ogre misses you.
Casting: Magic Dart (safe; 3% risk of failure)
Confirm with . or Enter, or press ? or * to list all spells.
Aiming: Magic Dart (safe; 3% risk of failure)
Press: ? - help, Shift-Dir - straight line, f/p - ogre
Aim: an ogre, wielding a +0 giant spiked club (severely wounded, 0% to evade)
The magic dart hits the ogre.
The ogre is severely wounded.
Casting: Magic Dart (safe; 3% risk of failure)
Confirm with . or Enter, or press ? or * to list all spells.
Aiming: Magic Dart (safe; 3% risk of failure)
Press: ? - help, Shift-Dir - straight line, f/p - ogre
Aim: an ogre, wielding a +0 giant spiked club (severely wounded, 0% to evade)
The magic dart hits the ogre.
The ogre is almost dead.
The ogre hits you with a +0 giant spiked club!!
Ouch! That really hurt!
You die...

.. .#####.#.#.####..
..#
..................
....#####...#...##...
#........####..#
###..#####.......#
.#...............##
.....##...######.#
.....###..#........
........@.......
.....###O##..... ...
#.# ..... .....###.#
.... .........# ...
........## ...
........# #.##.##.# #
## #.#


You could see an ogre.

Vanquished Creatures
  3 adders
  An ooze (D:1)
  A worm (D:3)
  5 leopard geckos
  8 orcs
  3 giant cockroaches
  11 goblins
  7 hobgoblins
  8 jackals
  3 quokkas (D:2)
  A ball python (D:2)
  6 bats
  6 frilled lizards
  7 kobolds
  9 rats
  A spectral orc (D:3)
80 creatures vanquished.

Notes
Turn   | Place    | Note
-------+----------+-------------------------------------------
     0 | D:1      | Descartes the Deep Elf Hedge Wizard began the quest for the
                  | Orb.
     0 | D:1      | Reached XP level 1. HP: 10/10 MP: 7/7
   296 | D:1      | Reached XP level 2. HP: 15/15 MP: 7/9
  1031 | D:2      | Reached skill level 5 in Spellcasting
  1031 | D:2      | Reached XP level 3. HP: 14/19 MP: 4/11
  1446 | D:2      | Found a faded altar of an unknown god.
  2062 | D:3      | Reached XP level 4. HP: 23/24 MP: 5/13
  2443 | D:3      | Found a basalt altar of Yredelemnul.
  2999 | D:3      | Found a glowing golden altar of the Shining One.
  3168 | D:3      | Noticed Terence
  3375 | D:4      | Noticed an ogre
  3389 | D:4      | Mangled by an ogre

Illustrated notes

Levels and vault maps discovered:
D:1:      mrwooster_arrival_statue_3, layout_loops_ring
D:2:      layout_rooms, chequers_ecumenical_altar_simple
D:3:      layout_rooms, yredelemnul_forgotten_temple_becter,
          nicolae_overflow_crystal_walls, uniq_terence
D:4:      layout_basic, nicolae_ossuary_entry_false_entrances,
          mrwooster_statue_mirror, minmay_misc_feat_rows

Skill      XL: |  1  2  3  4 |
---------------+-------------+-----
Dodging        | 3 4 |  4.0
Conjurations   | 2 3 |  3.0
Spellcasting   | 5 |  5.7
Stealth        | |  2.4
Summonings     | |  1.1
Translocations | |  1.1

Action                   |  1- 3 |  4- 6 || total
-------------------------+-------+-------++-------
Melee: Dagger            |     1 |    29 ||    30
 Cast: Magic Dart        |   107 |    84 ||   191
  Use: Scroll            |       |     7 ||     7
Armor: Robe              |     2 |     4 ||     6
Dodge: Dodged            |     6 |    27 ||    33
